 Dungeon Crawl Stone Soup version 0.21-a0-450-gd87a9b2 (webtiles) character file.

730 slep the Slasher (level 7, -10/54 HPs)
             Began as a Demonspawn Monk on Nov 19, 2017.
             Splashed by an oklob sapling's acid (15 damage)
             ... on level 5 of the Dungeon.
             The game lasted 00:23:05 (4269 turns).

slep the Slasher (Demonspawn Monk)                  Turns: 4269, Time: 00:23:06

Health: -10/54     AC:  5    Str: 13    XL:     7   Next: 44%
Magic:  7/7        EV: 13    Int: 11    God:
Gold:   256        SH:  0    Dex: 19    Spells: 6/6 levels left

rFire    . . .     SeeInvis .   a - +0 falchion
rCold    . . .     Gourm    .   (no shield)
rNeg     . . .     Faith    .   q - +1 ring mail {MR+}
rPois    .         Spirit   .   (helmet restricted)
rElec    .         Reflect  .   (no cloak)
rCorr    .         Harm     .   f - +0 pair of gloves
MR       +....                  (no boots)
Stlth    ++........             (no amulet)
HPRegen  0.18/turn              o - +3 ring of dexterity
MPRegen  0.10/turn              (no ring)

@: corroded
A: antennae 1, yellow scales 1, demonic guardian 1
a: no special abilities


You were on level 5 of the Dungeon.
You were hungry.

You visited 2 branches of the dungeon, and saw 6 of its levels.
You also visited: Ossuary.

You collected 256 gold pieces.

Inventory:

Hand Weapons
 a - a +0 falchion (weapon)
 G - the +7 falchion of the Dragonfly {vamp, rN+++ MR- Int+4, unknown}
   (You found it on level 4 of the Dungeon)

   It inflicts no extra harm, but heals its wielder when it wounds a living foe.
   It affects your intelligence (+4).
   It renders you almost immune to negative energy.
   It affects your resistance to hostile enchantments.
Missiles
 r - 7 javelins (quivered)
 z - 2 tomahawks
Armour
 b - a +0 robe
 e - a +0 leather armour
 f - a +0 pair of gloves (worn)
 l - a +0 ring mail
 q - a +1 ring mail of magic resistance (worn)
Jewellery
 o - a +3 ring of dexterity (left hand)
Wands
 s - a wand of acid (10/15)
 C - a wand of paralysis (16/24)
Scrolls
 c - a scroll of blinking {unknown}
 d - 3 scrolls of remove curse {unknown}
 g - 4 scrolls of fog {unknown}
 m - 7 scrolls of identify {unknown}
 n - 3 scrolls of enchant armour {unknown}
 p - 2 scrolls of immolation {unknown}
 t - a scroll of random uselessness {unknown}
 u - 3 scrolls of teleportation {unknown}
 y - a scroll of recharging {unknown}
Potions
 h - 3 potions of lignification {unknown}
 i - 4 potions of brilliance {unknown}
 v - a potion of degeneration {unknown}
 w - 2 potions of agility {unknown}
 x - 3 potions of mutation {unknown}
 A - 2 potions of heal wounds {unknown}
 B - a potion of invisibility {unknown}
 D - 2 potions of curing {unknown}
 F - 2 potions of haste {unknown}
Comestibles
 j - 2 royal jellies
 k - 2 fruits
 H - 2 bread rations


   Skills:
 + Level 4.2 Fighting
 + Level 5.6 Long Blades
 + Level 2.9 Armour
 + Level 4.0 Dodging
 + Level 2.8 Stealth


You had 6 spell levels left.
You didn't know any spells.

Dungeon Overview and Level Annotations

Branches:
Dungeon (5/15)             Temple (1/1) D:5

Altars:
Ashenzari
Fedhas
Gozag
Hepliaklqana
Kikubaaqudgha
Makhleb
Qazlal
Ru
Trog
Uskayaw
Vehumet
Wu Jian
Xom
Yredelemnul
Zin
The Shining One

Shops:
D:4 =

Annotations:
D:5 exclusion: oklob sapling


Innate Abilities, Weirdness & Mutations

You have a pair of small antennae on your head.
You are partially covered in yellow scales. (AC +2)
A weak demonic guardian rushes to your aid.


Message History

Your shadow imp hits the oklob sapling.
You hit the oklob sapling but do no damage.
The oklob sapling is severely damaged.
Your shadow imp hits the oklob sapling but does no damage.
You catch the helpless oklob sapling completely off-guard!
You hit the oklob sapling but do no damage.
The oklob sapling is severely damaged.
The oklob sapling spits acid at you. The splash of acid misses you.
Your shadow imp hits the oklob sapling but does no damage.
You hit the oklob sapling but do no damage.
The oklob sapling is severely damaged.
Your shadow imp hits the oklob sapling but does no damage.
You hit the oklob sapling but do no damage.
The oklob sapling is severely damaged.
The oklob sapling spits acid at you. The splash of acid hits you!
* * * LOW HITPOINT WARNING * * *
The acid corrodes you!
You are splashed with acid!
The acid burns!
You die...

#.....### ###...#...##...######
#.###...###....................
#.#..............##......######
#.#.#.#.###....<.........#
#.....#.# #.#............#
##..###.# #.P.PP..#......#
#.#.# #.# #..PPPP..>.....#
##.## #.# #P)PPP.P#..##### #.#
#.###(P5@PPP#..# #.#
#.....PP..P....# #.#
#####..P.PP.#.## ###.###
#.P..P.P# #.....# #...#..##
##.....######..#.###
#..........##..###
#......###.##.#######.##
#......##......†.......#


You could see an oklob sapling and a friendly shadow imp.

Vanquished Creatures
  A centaur (D:5)
  An elf zombie (Ossuary)
  A bullfrog zombie (D:3)
  A hound (D:5)
  2 iguanas (D:4)
  4 worker ants (D:4)
  A mummy (Ossuary)
  4 adders
  4 adder zombies (Ossuary)
  2 adder skeletons (D:4)
  5 worms
  3 dart slugs
  4 leopard geckos
  3 orcs (D:3)
  2 ball pythons
  9 bats
  6 giant cockroaches
  3 goblins
  10 hobgoblins
  20 jackals
  2 quokkas (D:2)
  2 frilled lizards
  A gnoll zombie (Ossuary)
  A goblin zombie (Ossuary)
  4 hobgoblin zombies (Ossuary)
  4 kobolds
  2 kobold zombies (Ossuary)
  A leopard gecko skeleton (D:4)
  2 quokka zombies (Ossuary)
  7 rats
  3 rat zombies (Ossuary)
  A plant (D:5)
116 creatures vanquished.

Vanquished Creatures (collateral kills)
  The ghost of Potronius the Sneak, an amateur KoAr (D:4)
  A scorpion (D:4)
  2 mummies (Ossuary)
  An adder (D:4)
  A rat zombie (D:4)
6 creatures vanquished.

Vanquished Creatures (others)
  A plant (D:5)
1 creature vanquished.

Grand Total: 123 creatures vanquished

Notes
Turn   | Place    | Note
-------+----------+-------------------------------------------
     0 | D:1      | slep the Demonspawn Monk began the quest for the Orb.
     0 | D:1      | Reached XP level 1. HP: 18/18 MP: 1/1
    96 | D:1      | Gained mutation: You are partially covered in yellow scales. (AC +2) [demonic ancestry]
    96 | D:1      | Reached XP level 2. HP: 18/24 MP: 2/2
   129 | D:1      | Reached skill level 3 in Long Blades
   242 | D:1      | Reached XP level 3. HP: 25/29 MP: 3/3
   751 | D:2      | Reached XP level 4. HP: 26/35 MP: 4/4
  1313 | D:3      | Reached skill level 4 in Long Blades
  1313 | D:3      | Reached skill level 1 in Armour
  1332 | D:3      | Gained mutation: A weak demonic guardian rushes to your aid. [demonic ancestry]
  1332 | D:3      | Reached XP level 5. HP: 28/42 MP: 5/5
  1839 | D:4      | Found a sand-covered staircase.
  1949 | Ossuary  | Entered an ossuary
  2190 | Ossuary  | Gained mutation: You have a pair of small antennae on your head. [demonic ancestry]
  2190 | Ossuary  | Reached XP level 6. HP: 17/48 MP: 6/6
  2512 | D:4      | Found an ancient bone altar of Kikubaaqudgha.
  2547 | D:4      | Found Suvoebl Ogeo's Jewellery Shop.
  2951 | D:4      | Reached skill level 5 in Long Blades
  3121 | D:4      | Noticed Potronius's ghost (amateur KoAr)
  3194 | D:4      | Killed Potronius's ghost
  3194 | D:4      | Reached XP level 7. HP: 33/54 MP: 7/7
  3375 | D:4      | Got a translucent falchion
  3693 | D:5      | Entered Level 5 of the Dungeon
  3693 | D:5      | Found a staircase to the Ecumenical Temple.
  3918 | Temple   | Entered the Ecumenical Temple
  4269 | D:5      | Splashed by an oklob sapling's acid

Vault maps used:
D:1:      lightli_arrival_flooded_house, st_stairs_13
D:3:      kennysheep_generic_room_8
D:4:      kennysheep_big_flooded_room, lemuel_crystal_altar, serial_shops, shop,
          enter_ossuary_3, first_bread
D:5:      minmay_temple_entry_oklob, serial_bayou_pond_a, uniq_ijyb
Temple:   regret_index_temple_waves
Ossuary:  ossuary_minmay_chase

Skill      XL: |  1  2  3  4  5  6  7 |
---------------+----------------------+-----
Dodging        | 3 4 |  4.0
Long Blades    | 3 4 5 |  5.6
Stealth        | 2 |  2.8
Armour         | 1 2 |  2.9
Fighting       | 4 |  4.2

Action                   |  1- 3 |  4- 6 |  7- 9 || total
-------------------------+-------+-------+-------++-------
Melee: Falchion          |   164 |   323 |   146 ||   633
Throw: Javelin           |       |     1 |       ||     1
 Stab: Sleeping          |     2 |     3 |       ||     5
       Distracted        |       |     3 |     1 ||     4
  Eat: Chunk             |       |     4 |     3 ||     7
       Bread ration      |       |     1 |       ||     1
Armor: Robe              |     7 |       |       ||     7
       Leather armour    |    26 |       |       ||    26
       Ring mail         |    32 |   148 |    20 ||   200
Dodge: Dodged            |   127 |   228 |    46 ||   401
       Rpst.: Falchion   |    38 |    69 |    16 ||   123

Table legend:
 A = Spawn XP
 B = Non-spawn XP
 C = Spawn XP percentage of total XP
 D = Spawn monster count
 E = Non-spawn monster count
 F = Spawn count percentage of total count
 G = Total turns spent on level
                    A         B        C        D         E        F      G
               +---------+---------+-------+---------+---------+-------+---------
         Total |       0 |    1044 |   0.0 |       0 |     121 |   0.0 |  4269
               +---------+---------+-------+---------+---------+-------+---------
           D:1 |       0 |      70 |   0.0 |       0 |      37 |   0.0 |   551
           D:2 |       0 |      45 |   0.0 |       0 |      22 |   0.0 |   685
           D:3 |       0 |     122 |   0.0 |       0 |      17 |   0.0 |   570
           D:4 |       0 |     477 |   0.0 |       0 |      20 |   0.0 |  1337
           D:5 |       0 |     170 |   0.0 |       0 |       4 |   0.0 |   280
       Ossuary |       0 |     160 |   0.0 |       0 |      21 |   0.0 |   550
               +---------+---------+-------+---------+---------+-------+---------
